3L
BROOKLYN DODGERS @ CHICAGO HAWKS
06/07/2027
 
TOP OF THE 1ST
Brooklyn Dodgers batting - Pitching for Chicago Hawks : RHP José Guzmán
Pitching: RHP José Guzmán
Batting: RHB Vincent Crane 0-0: Called Strike
0-1: Ball
1-1: Ground out 6-3 (Groundball, 6S)
Batting: LHB Ki-tak Im 0-0: Called Strike
0-1: DOUBLE (Groundball, 3L)
Batting: SHB Juan Rivas 0-0: Ball
1-0: Called Strike
1-1: Foul Ball, location: 2F
1-2: Foul Ball, location: 2F
1-2: Ball
2-2: Ball
3-2: Base on Balls
Batting: RHB Oliver Aranda 0-0: Foul Ball, location: 2F
0-1: Ball
1-1: Ball
Passed Ball!
Ki-tak Im to third
Juan Rivas to second
2-1: Fly out, F8 (Line Drive, 89M)
Runner from 3rd tags up, SCORES, no throw
Batting: LHB Chad Armstrong 0-0: Ball
1-0: Foul Ball, location: 2F
1-1: Foul Ball, location: 2F
1-2: Ball
2-2: Strikes out looking
Top of the 1st over - 1 run(s), 1 hit(s), 0 error(s), 1 left on base; Brooklyn 1 - Chicago 0
BOTTOM OF THE 1ST
Chicago Hawks batting - Pitching for Brooklyn Dodgers : RHP Scott Woodger
Pitching: RHP Scott Woodger
Batting: RHB Aurelio Álvarez 0-0: Ball
1-0: Ball
2-0: Ball
3-0: Called Strike
3-1: Ground out 4-3 (Groundball, 34)
Batting: LHB Álex Burgos 0-0: SOLO HOME RUN (Flyball, 7D), Distance : 363 ft
Batting: LHB Scott Janousek 0-0: Foul Ball, location: 2F
0-1: Ball
1-1: Foul Ball, location: 2F
1-2: Fly out, F7 (Flyball, 7)
Batting: LHB Jeff Rutherford 0-0: Ball
1-0: Ball
2-0: Swinging Strike
2-1: Ball
3-1: Called Strike
3-2: Base on Balls
Batting: LHB Raúl Aguirre 0-0: Ball
1-0: Ground out U3 (Groundball, 3)
Bottom of the 1st over - 1 run(s), 1 hit(s), 0 error(s), 1 left on base; Brooklyn 1 - Chicago 1
TOP OF THE 2ND
Brooklyn Dodgers batting - Pitching for Chicago Hawks : RHP José Guzmán
Batting: LHB Avon Barksdale 0-0: Ball
1-0: Called Strike
1-1: Called Strike
1-2: Foul Ball, location: 2F
1-2: Fly out, F2 (Popup, 3S)
Batting: LHB Yannick Hendriksen 0-0: Ball
1-0: Called Strike
1-1: Foul Ball, location: 2F
1-2: Ball
2-2: SINGLE (Line Drive, 78M)
Batting: RHB Gustavo Mateo 0-0: Ball
1-0: Ball
2-0: Called Strike
2-1: Ball
3-1: 2-RUN HOME RUN (Flyball, 7LD), Distance : 338 ft
Batting: RHB Gerald Clark 0-0: Ball
1-0: Ball
2-0: Fly out, F4 (Line Drive, 4)
Batting: RHB Vincent Crane 0-0: Ball
1-0: Called Strike
1-1: Foul Ball, location: 2F
1-2: Fly out, F8 (Line Drive, 8RM)
Top of the 2nd over - 2 run(s), 2 hit(s), 0 error(s), 0 left on base; Brooklyn 3 - Chicago 1
BOTTOM OF THE 2ND
Chicago Hawks batting - Pitching for Brooklyn Dodgers : RHP Scott Woodger
Batting: RHB Diego Bonilla 0-0: Ball
1-0: Ball
2-0: Ball
3-0: Called Strike
3-1: Foul Ball, location: 2F
3-2: Strikes out swinging
Batting: SHB Evan Adams 0-0: Called Strike
0-1: Ball
1-1: Ball
2-1: Swinging Strike
2-2: Ball
3-2: Base on Balls
Batting: RHB Pedro Longoria 0-0: Ball
1-0: Fielders Choice at 2nd, 6-4 (Groundball, 6)
Batting: LHB Mike Pace 0-0: Ball
1-0: Foul Ball, location: 2F
1-1: Called Strike
1-2: Ball
Pedro Longoria is caught stealing 2nd base
Bottom of the 2nd over - 0 run(s), 0 hit(s), 0 error(s), 0 left on base; Brooklyn 3 - Chicago 1
TOP OF THE 3RD
Brooklyn Dodgers batting - Pitching for Chicago Hawks : RHP José Guzmán
Batting: LHB Ki-tak Im 0-0: Called Strike
0-1: Ball
1-1: Ball
2-1: Foul Ball, location: 2F
2-2: Ball
3-2: Foul Ball, location: 2F
3-2: Ground out 4-3 (Groundball, 4MD)
Batting: SHB Juan Rivas 0-0: Called Strike
0-1: Ball
1-1: Ball
2-1: Called Strike
2-2: Foul Ball, location: 2F
2-2: Ball
3-2: Foul Ball, location: 2F
3-2: Ground out 4-3 (Groundball, 34)
Batting: RHB Oliver Aranda 0-0: Called Strike
0-1: Swinging Strike
0-2: SINGLE (Groundball, 34D)
Batting: LHB Chad Armstrong 0-0: Called Strike
0-1: Foul Ball, location: 2F
0-2: Ball
1-2: Foul Ball, location: 2F
1-2: Foul Ball, location: 2F
1-2: Ball
2-2: Ball
Oliver Aranda steals 2nd base
3-2: 2-RUN HOME RUN (Flyball, 89XD), Distance : 392 ft
Batting: LHB Avon Barksdale 0-0: Ball
1-0: Ball
2-0: SINGLE (Flyball, 8RS)
Batting: LHB Yannick Hendriksen 0-0: Called Strike
0-1: Fly out, F6 (Line Drive, 6)
Top of the 3rd over - 2 run(s), 3 hit(s), 0 error(s), 1 left on base; Brooklyn 5 - Chicago 1
BOTTOM OF THE 3RD
Chicago Hawks batting - Pitching for Brooklyn Dodgers : RHP Scott Woodger
Batting: LHB Mike Pace 0-0: Ball
1-0: Reached on error, E4 (Groundball, 4)
Batting: RHB Aurelio Álvarez 0-0: Called Strike
0-1: Ball
1-1: Ball
2-1: Called Strike
2-2: Foul Ball, location: 2F
2-2: Strikes out swinging
Batting: LHB Álex Burgos 0-0: Ball
1-0: Called Strike
1-1: DOUBLE (Line Drive, 8LXD)
Mike Pace to third
Runner from 3rd tries for Home, SAFE, throw made at trailing runner, OUT at third!
Batting: LHB Scott Janousek 0-0: Ball
1-0: Ball
2-0: Called Strike
2-1: Ball
3-1: Ground out 1-3 (Groundball, P)
Bottom of the 3rd over - 1 run(s), 1 hit(s), 1 error(s), 0 left on base; Brooklyn 5 - Chicago 2
TOP OF THE 4TH
Brooklyn Dodgers batting - Pitching for Chicago Hawks : RHP José Guzmán
Batting: RHB Gustavo Mateo 0-0: Called Strike
0-1: Foul Ball, location: 2F
0-2: Fly out, F9 (Line Drive, 9LS)
Batting: RHB Gerald Clark 0-0: Ball
1-0: Ball
2-0: Swinging Strike
2-1: Ball
3-1: SINGLE (Line Drive, 34D)
Batting: RHB Vincent Crane 0-0: Ball
1-0: Ball
2-0: Ball
3-0: Called Strike
3-1: Grounds into double play, 6-4-3 (Groundball, 6)
Top of the 4th over - 0 run(s), 1 hit(s), 0 error(s), 0 left on base; Brooklyn 5 - Chicago 2
BOTTOM OF THE 4TH
Chicago Hawks batting - Pitching for Brooklyn Dodgers : RHP Scott Woodger
Batting: LHB Jeff Rutherford 0-0: Ball
1-0: Ground out 4-3 (Groundball, 4S)
Batting: LHB Raúl Aguirre 0-0: Fly out, F4 (Popup, 4)
Batting: RHB Diego Bonilla 0-0: Foul Ball, location: 2F
0-1: Ground out 5-3 (Groundball, 56S)
Bottom of the 4th over - 0 run(s), 0 hit(s), 0 error(s), 0 left on base; Brooklyn 5 - Chicago 2
TOP OF THE 5TH
Brooklyn Dodgers batting - Pitching for Chicago Hawks : RHP José Guzmán
Batting: LHB Ki-tak Im 0-0: Ball
1-0: Ball
2-0: Ball
3-0: Base on Balls
Batting: SHB Juan Rivas 0-0: Called Strike
0-1: DOUBLE (Line Drive, 8RXD)
Ki-tak Im to third
Batting: RHB Oliver Aranda 0-0: Ball
1-0: Ball
2-0: SINGLE (Groundball, 56D)
Ki-tak Im scores
Juan Rivas to third
Pitching: RHP Jim Washington
Batting: LHB Chad Armstrong 0-0: Ball
1-0: Ball
2-0: Ball
3-0: Base on Balls
Oliver Aranda to second
Batting: LHB Avon Barksdale 0-0: Called Strike
0-1: Fly out, F2 (Popup, 23)
Batting: LHB Yannick Hendriksen 0-0: Swinging Strike
0-1: Ball
1-1: Ball
2-1: Called Strike
2-2: Strikes out swinging
Batting: RHB Gustavo Mateo 0-0: Called Strike
0-1: Ball
Wild Pitch!
Juan Rivas scores
Oliver Aranda to third
Chad Armstrong to second
1-1: Fly out, F8 (Line Drive, 78D)
Top of the 5th over - 2 run(s), 2 hit(s), 0 error(s), 2 left on base; Brooklyn 7 - Chicago 2
BOTTOM OF THE 5TH
Chicago Hawks batting - Pitching for Brooklyn Dodgers : RHP Scott Woodger
Batting: SHB Evan Adams 0-0: Called Strike
0-1: Called Strike
0-2: Foul Ball, location: 2F
0-2: Foul Ball, location: 2F
0-2: Ball
1-2: Fly out, F6 (Line Drive, 6)
Batting: RHB Pedro Longoria 0-0: Fly out, F8 (Line Drive, 8RD)
Batting: LHB Mike Pace 0-0: Swinging Strike
0-1: Ball
1-1: Ball
2-1: Foul Ball, location: 2F
2-2: Ground out 1-3 (Groundball, 13)
Bottom of the 5th over - 0 run(s), 0 hit(s), 0 error(s), 0 left on base; Brooklyn 7 - Chicago 2
TOP OF THE 6TH
Brooklyn Dodgers batting - Pitching for Chicago Hawks : RHP Jim Washington
Batting: RHB Gerald Clark 0-0: Ball
1-0: SINGLE (Groundball, 6MD)
Batting: RHB Vincent Crane 0-0: Ball
1-0: SINGLE (Groundball, 25) (infield hit)
Gerald Clark to second
Batting: LHB Ki-tak Im 0-0: Called Strike
0-1: Called Strike
0-2: Foul Ball, location: 2F
0-2: Ball
1-2: Ball
2-2: Ball
3-2: Base on Balls
Gerald Clark to third
Vincent Crane to second
Batting: SHB Juan Rivas 0-0: Foul Ball, location: 2F
0-1: Foul Ball, location: 2F
0-2: Fly out, F8 (Flyball, 78S)
Batting: RHB Oliver Aranda 0-0: Called Strike
0-1: Ball
1-1: Foul Ball, location: 2F
1-2: Ball
2-2: Grounds into fielders choice 1-2 (Groundball, 15)
Vincent Crane to third
Ki-tak Im to second
Batting: LHB Chad Armstrong 0-0: Ball
1-0: Ball
2-0: Foul Ball, location: 2F
2-1: Foul Ball, location: 2F
2-2: Ball
3-2: DOUBLE (Line Drive, 8RD)
Vincent Crane scores
Ki-tak Im scores
Oliver Aranda to third
Oliver Aranda scores
Batting: LHB Avon Barksdale 0-0: TRIPLE (Line Drive, 4MD)
Chad Armstrong scores
Pitching: RHP Johnny Allen
Batting: LHB Yannick Hendriksen 0-0: Swinging Strike
0-1: Called Strike
0-2: Foul Ball, location: 2F
0-2: SINGLE (Flyball, 7S)
Avon Barksdale scores
Batting: RHB Gustavo Mateo 0-0: Foul Ball, location: 2F
0-1: Ball
1-1: Ball
2-1: Swinging Strike
2-2: Foul Ball, location: 2F
2-2: Ball
3-2: Foul Ball, location: 2F
3-2: SINGLE (Groundball, 56S) (infield hit)
Yannick Hendriksen to second
Batting: RHB Gerald Clark 0-0: Ball
1-0: Foul Ball, location: 2F
1-1: Ball
2-1: Ball
3-1: Foul Ball, location: 2F
3-2: Foul Ball, location: 2F
3-2: Base on Balls
Yannick Hendriksen to third
Gustavo Mateo to second
Batting: RHB Vincent Crane 0-0: Ball
1-0: Ball
2-0: Ball
3-0: Base on Balls
Yannick Hendriksen scores
Gustavo Mateo to third
Gerald Clark to second
Batting: LHB Ki-tak Im 0-0: Ball
1-0: Foul Ball, location: 2F
1-1: Ground out U3 (Groundball, 3L)
Top of the 6th over - 6 run(s), 6 hit(s), 0 error(s), 3 left on base; Brooklyn 13 - Chicago 2
BOTTOM OF THE 6TH
Chicago Hawks batting - Pitching for Brooklyn Dodgers : RHP Scott Woodger
Batting: RHB Aurelio Álvarez 0-0: Called Strike
0-1: Called Strike
0-2: Ball
1-2: Foul Ball, location: 2F
1-2: Ball
2-2: Ball
3-2: Base on Balls
Batting: LHB Álex Burgos 0-0: 2-RUN HOME RUN (Flyball, 9LD), Distance : 331 ft
Batting: LHB Scott Janousek 0-0: Ball
1-0: Fly out, F8 (Line Drive, 78M)
Batting: LHB Jeff Rutherford 0-0: Fly out, F7 (Flyball, 7S)
Batting: LHB Raúl Aguirre 0-0: Ball
1-0: Called Strike
1-1: Swinging Strike
1-2: Ball
2-2: Strikes out swinging
Bottom of the 6th over - 2 run(s), 1 hit(s), 0 error(s), 0 left on base; Brooklyn 13 - Chicago 4
TOP OF THE 7TH
Brooklyn Dodgers batting - Pitching for Chicago Hawks : RHP Johnny Allen
Batting: SHB Juan Rivas 0-0: Ball
1-0: SOLO HOME RUN (Flyball, 9D), Distance : 368 ft
Batting: RHB Oliver Aranda 0-0: Called Strike
0-1: Ball
1-1: Called Strike
1-2: Fly out, F8 (Flyball, 89D)
Batting: LHB Chad Armstrong 0-0: SINGLE (Groundball, 56S) (infield hit)
Batting: LHB Avon Barksdale 0-0: Ball
1-0: Ball
2-0: Grounds into double play, 4-6-3 (Groundball, 4)
Top of the 7th over - 1 run(s), 2 hit(s), 0 error(s), 0 left on base; Brooklyn 14 - Chicago 4
BOTTOM OF THE 7TH
Chicago Hawks batting - Pitching for Brooklyn Dodgers : RHP Scott Woodger
Pinch Hitting: SHB Juan Ortega 0-0: Foul Ball, location: 2F
0-1: Ball
1-1: Foul Ball, location: 2F
1-2: Ball
2-2: Ground out 4-3 (Groundball, 4)
Pinch Hitting: RHB Lorenzo Sabastro 0-0: Called Strike
0-1: Hit by Pitch
Pitching: RHP Bill Fletcher
Batting: RHB Pedro Longoria 0-0: Ball
1-0: Called Strike
1-1: Grounds into double play, 4-6-3 (Groundball, 4)
Bottom of the 7th over - 0 run(s), 0 hit(s), 0 error(s), 0 left on base; Brooklyn 14 - Chicago 4
TOP OF THE 8TH
Brooklyn Dodgers batting - Pitching for Chicago Hawks : RHP Johnny Allen
Now at 2B: Juan Ortega
Now at 3B: Lorenzo Sabastro
Batting: LHB Yannick Hendriksen 0-0: Ball
1-0: Foul Ball, location: 2F
1-1: Ball
2-1: Called Strike
2-2: DOUBLE (Flyball, 7LD)
Batting: RHB Gustavo Mateo 0-0: Ball
1-0: SINGLE (Groundball, 56D)
Yannick Hendriksen to third
Runner from 3rd tries for Home, SAFE, throw made home
Gustavo Mateo to second
Batting: RHB Gerald Clark 0-0: Ball
1-0: Called Strike
1-1: Ball
2-1: Ground out 6-3 (Groundball, 6)
Batting: RHB Vincent Crane 0-0: Ball
1-0: Ball
2-0: Ball
3-0: Called Strike
3-1: SINGLE (Line Drive, 89S)
Gustavo Mateo to third
Runner from 3rd tries for Home, SAFE, throw made home
Vincent Crane to second
Pitching: RHP Ramiro Lara
Batting: LHB Ki-tak Im 0-0: Ball
1-0: Ball
2-0: Ball
3-0: Base on Balls
Batting: SHB Juan Rivas 0-0: Ball
Vincent Crane steals 3rd base
Ki-tak Im to second
1-0: DOUBLE (Line Drive, 9LM)
Vincent Crane scores
Ki-tak Im scores
Batting: RHB Oliver Aranda 0-0: Ball
1-0: Foul Ball, location: 2F
1-1: SINGLE (Line Drive, 56)
Juan Rivas to third
Runner from 3rd tries for Home, SAFE, no throw
Batting: LHB Chad Armstrong 0-0: Ball
1-0: Called Strike
Oliver Aranda is caught stealing 2nd base
1-1: Ball
2-1: Swinging Strike
2-2: Fly out, F9 (Flyball, 89D)
Top of the 8th over - 5 run(s), 5 hit(s), 0 error(s), 0 left on base; Brooklyn 19 - Chicago 4
BOTTOM OF THE 8TH
Chicago Hawks batting - Pitching for Brooklyn Dodgers : RHP Bill Fletcher
Now at 2B: Tony Justice
Batting: LHB Mike Pace 0-0: Ball
1-0: Foul Ball, location: 2F
1-1: Ground out U3 (Groundball, 3)
Batting: RHB Aurelio Álvarez 0-0: Swinging Strike
0-1: Swinging Strike
0-2: Foul Ball, location: 2F
0-2: Strikes out swinging
Batting: LHB Álex Burgos 0-0: Ball
1-0: Ball
2-0: Ball
3-0: Called Strike
3-1: Base on Balls
Batting: LHB Scott Janousek 0-0: Swinging Strike
0-1: Ball
1-1: Ball
2-1: Foul Ball, location: 2F
2-2: Ball
3-2: Base on Balls
Álex Burgos to second
Batting: LHB Jeff Rutherford 0-0: Swinging Strike
0-1: Ball
1-1: Foul Ball, location: 2F
1-2: Foul Ball, location: 2F
1-2: Strikes out swinging
Bottom of the 8th over - 0 run(s), 0 hit(s), 0 error(s), 2 left on base; Brooklyn 19 - Chicago 4
TOP OF THE 9TH
Brooklyn Dodgers batting - Pitching for Chicago Hawks : RHP Ramiro Lara
Batting: LHB Avon Barksdale 0-0: Called Strike
0-1: Ball
1-1: Ball
2-1: Ball
3-1: Fly out, F4 (Line Drive, 4)
Batting: LHB Yannick Hendriksen 0-0: Ball
1-0: Called Strike
1-1: Foul Ball, location: 2F
1-2: SOLO HOME RUN (Flyball, 9D), Distance : 361 ft
Batting: RHB Gustavo Mateo 0-0: Called Strike
0-1: Called Strike
0-2: Ball
1-2: Fly out, F9 (Flyball, 9S)
Batting: RHB Gerald Clark 0-0: Ball
1-0: Called Strike
1-1: Ball
2-1: Called Strike
2-2: Foul Ball, location: 2F
2-2: DOUBLE (Line Drive, 78D)
Batting: RHB Vincent Crane 0-0: Foul Ball, location: 2F
0-1: Ball
1-1: SINGLE (Groundball, 6MD)
Gerald Clark to third
Runner from 3rd tries for Home, SAFE, throw made home
Vincent Crane to second
Pitching: RHP Pat McCormick
Batting: RHB Tony Justice 0-0: Called Strike
0-1: Called Strike
0-2: Ball
1-2: Strikes out swinging
Top of the 9th over - 2 run(s), 3 hit(s), 0 error(s), 1 left on base; Brooklyn 21 - Chicago 4
BOTTOM OF THE 9TH
Chicago Hawks batting - Pitching for Brooklyn Dodgers : RHP Bill Fletcher
Batting: LHB Raúl Aguirre 0-0: Fly out, F9 (Flyball, 89D)
Batting: SHB Juan Ortega 0-0: Ground out 3-1 (Groundball, 34S)
Batting: RHB Lorenzo Sabastro 0-0: Ball
1-0: Swinging Strike
1-1: Fly out, F7 (Flyball, 78S)
Bottom of the 9th over - 0 run(s), 0 hit(s), 0 error(s), 0 left on base; Brooklyn 21 - Chicago 4
Saturday, May 26th, 2018 - OOTP Baseball 17.12 Build 75